 Dungeon Crawl Stone Soup version 0.31-a0-152-g6aa68a64a1 (webtiles) character file.

Game seed: 2218061432111481070

2216 qw the Skirmisher (level 9, 0/79 HPs)
             Began as a Minotaur Hunter on June 9, 2023.
             Was an Initiate of Okawaru.
             Slain by a vampire (12 damage)
             ... on level 7 of the Dungeon.
             The game lasted 00:02:20 (7390 turns).

qw the Skirmisher (Minotaur Hunter)                 Turns: 7390, Time: 00:02:20

Health: 0/79       AC:  8    Str: 17    XL:     9   Next: 13%
Magic:  8/8        EV: 14    Int:  6    God:    Okawaru [......]
Gold:   101        SH:  0    Dex: 17    Spells: 8/8 levels left

rFire   . . .        Y - +1 shortbow (freeze)
rCold   . . .        (shield currently unavailable)
rNeg    . . .        e - +0 steam dragon scales
rPois   .            (helmet restricted)
rElec   .            (no cloak)
rCorr   .            a - +0 pair of gloves
SInv    .            d - +0 pair of boots
Will    .....        (no amulet)
Stlth   +            (no ring)
HPRegen 0.33/turn    (no ring)
MPRegen 0.11/turn

%: no passive effects
@: confused
A: horns 2, retaliatory headbutt
a: Renounce Religion


You were on level 7 of the Dungeon.
You worshipped Okawaru.
Okawaru was noncommittal.
You visited 2 branches of the dungeon, and saw 8 of its levels.

You collected 364 gold pieces.
You spent 263 gold pieces at shops.


Innate Abilities, Weirdness & Mutations

You have a pair of horns on your head.
You reflexively headbutt those who attack you in melee.


   Skills:
 - Level 7.1 Fighting
 - Level 11.5 Ranged Weapons
 - Level 3.2 Armour
 + Level 4.2 Dodging
 - Level 0.7 Stealth


You had 8 spell levels left.
You didn't know any spells.
Your spell library was empty.

Inventory:

Hand Weapons
 Y - a +1 shortbow of freezing (weapon)
Armour
 a - a +0 pair of gloves (worn)
 d - a +0 pair of boots (worn)
 e - +0 steam dragon scales (worn)
Jewellery
 k - a ring of fire
Scrolls
 c - 3 scrolls of teleportation
 j - a scroll of identify
Potions
 f - a potion of might
 g - a potion of ambrosia {unknown}
 i - a potion of cancellation {unknown}
 l - a potion of resistance

Dungeon Overview and Level Annotations

Branches:
Dungeon (7/15)             Temple (1/1) D:7

Altars:
Ashenzari
Cheibriados
Dithmenos
Elyvilon
Fedhas
Gozag
Hepliaklqana
Kikubaaqudgha
Makhleb
Nemelex Xobeh
Okawaru
Qazlal
Ru
Sif Muna
Trog
Uskayaw
Vehumet
Wu Jian
Xom
Yredelemnul
Zin
The Shining One

Shops:
D:4 ??*   D:5 *

Annotations:
D:7 1 runed translucent door, Crazy Yiuf


Message History

You are more confused.
The vampire points at you and mumbles some strange words.
You resist with some effort. The vampire completely misses you.
The vampire closely misses you. The vampire hits you. The vampire misses you.
The vampire misses you. The vampire bites you.
The vampire draws strength from your injuries!
The vampire completely misses you. The vampire bites you!
The vampire draws strength from your injuries!
The vampire casts a spell.
The vampire flickers and vanishes!
Deactivating autopickup; reactivate with Ctrl-A.
You shoot an arrow. You shoot an arrow.
You feel less confused. Something draws life force from you!
You shoot an arrow. Something hits you! Something bites you!
Something draws strength from your injuries!
You shoot an arrow. Something hits you! Something bites you.
Something draws strength from your injuries!
You shoot an arrow. Something closely misses you. Something bites you!
Something draws strength from your injuries!
You shoot an arrow. Something hits you. Something bites you.
Something draws strength from your injuries!
You shoot an arrow. You shoot an arrow. Something hits you but does no damage.
Something bites you but does no damage.
You shoot an arrow. Something hits you but does no damage. Something bites you.
Something draws strength from your injuries!
You shoot an arrow.
You hear some strange, mumbled words.
You are confused.
You shoot an arrow. Something hits you!
You die...

##### #...... ... #...#
#...... ...#### #...#
#...... ...$...####...#
#...... .........##...#
#......
.........##...####......
.........##.............
........................
....!..@.##............#
......{..##.....<......#
.........##........>...#
....>....##...#........#
.........##.)....>..)..#
.........##....##.##...#
.........##....##)##.###
.........#####...))..# #
##### #######.######


There were no monsters in sight!

Vanquished Creatures
  Joseph (D:7)
  Maggie (D:7)
  2 steam dragons
  Menkaure (D:7)
  A water moccasin (D:5)
  A sky beast (D:7)
  A black bear (D:4)
  An ogre (D:4)
  A centaur (D:5)
  A phantom (D:5)
  A kobold brigand (D:6)
  A scorpion (D:5)
  An electric eel (D:7)
  A jelly (D:5)
  A gnoll bouda (D:6)
  4 hounds
  A sleepcap (D:6)
  Ijyb (D:3)
  Terence (D:3)
  An iguana (D:6)
  An orc wizard (D:4)
  8 gnolls
  8 adders
  2 shadow imps
  A white imp (D:5)
  3 worms
  3 dart slugs
  8 orcs
  5 endoplasms
  5 giant cockroaches
  6 goblins
  6 hobgoblins
  10 kobolds
  2 quokkas
  8 ball pythons
  7 bats
  4 frilled lizards
  6 rats
117 creatures vanquished.

Notes
Turn   | Place    | Note
-------+----------+-------------------------------------------
     0 | D:1      | qw the Minotaur Hunter began the quest for the Orb.
     0 | D:1      | Reached XP level 1. HP: 18/18 MP: 0/0
     0 | D:1      | 0 ||| qw: Version: 0.2-a-121-gba3a3e5
     0 | D:1      | 0 ||| qw: Game counter: 3200
     0 | D:1      | 0 ||| qw: Always use a shield: true
     0 | D:1      | 0 ||| qw: God list: Okawaru
     0 | D:1      | 0 ||| qw: Allow faded altars: false
     0 | D:1      | 0 ||| qw: Do Orc after D:15 true
     0 | D:1      | 0 ||| qw: Do second Lair branch before Depths: true
     0 | D:1      | 0 ||| qw: Lair rune preference: random
     0 | D:1      | 0 ||| qw: Plans: Normal
     0 | D:1      | 0 ||| PLANNING D:1-11
   293 | D:1      | Reached XP level 2. HP: 25/25 MP: 1/1
   476 | D:1      | Reached skill level 5 in Ranged Weapons
   613 | D:1      | 613 ||| UPGRADING to +0 pair of boots.
   618 | D:1      | 618 ||| READING scroll labelled ZORO EDGHEA.
   619 | D:1      | 619 ||| DRINKING 2 brown potions.
   620 | D:1      | 620 ||| DROPPING scroll of butterflies.
   621 | D:1      | 621 ||| DROPPING potion of degeneration.
   713 | D:2      | Reached skill level 3 in Fighting
   717 | D:2      | Found a glowing golden altar of the Shining One.
   870 | D:2      | Reached XP level 3. HP: 31/31 MP: 2/2
   932 | D:2      | 932 ||| FLEEEEING.
   933 | D:2      | 933 ||| FLEEEEING.
  1273 | D:2      | 1273 ||| UPGRADING to +0 pair of gloves.
  1278 | D:2      | 1278 ||| READING scroll labelled VEFOROBBIWK.
  1387 | D:3      | Reached skill level 1 in Armour
  1388 | D:3      | Reached XP level 4. HP: 38/38 MP: 3/3
  1538 | D:3      | Noticed Ijyb
  1545 | D:3      | Paralysed by Ijyb for 4 turns
  1553 | D:3      | Paralysed by Ijyb for 3 turns
  1560 | D:3      | Paralysed by Ijyb for 2 turns
  1568 | D:3      | HP: 5/38 [Ijyb/+0 dagger (5)]
  1569 | D:3      | Killed Ijyb
  1570 | D:3      | Reached skill level 6 in Ranged Weapons
  1836 | D:3      | Noticed Terence
  1843 | D:3      | Killed Terence
  1897 | D:3      | Identified the +0 leather armour of the Flute {Harm Str+3
                  | Stlth+}
  2111 | D:3      | Reached XP level 5. HP: 46/46 MP: 4/4
  2448 | D:3      | 2448 ||| UPGRADING to +0 ring mail.
  2458 | D:3      | 2458 ||| DROPPING +0 leather armour.
  2459 | D:3      | 2459 ||| READING scroll labelled ROSHAC CAHEYF.
  2460 | D:3      | 2460 ||| READING scroll labelled SIDOLO ATZUSOR.
  2464 | D:3      | 2464 ||| READING 2 scrolls labelled WYNOLUROGHA.
  2465 | D:3      | 2465 ||| DRINKING 2 sedimented coppery potions.
  2466 | D:3      | 2466 ||| DROPPING scroll of fog.
  2484 | D:4      | Found Efeessum's General Store.
  2484 | D:4      | Found Legosh's Magic Scroll Emporium.
  2484 | D:4      | Found Loruygug's Magic Scroll Emporium.
  2486 | D:4      | 2486 ||| SHOPLISTING ring of protection from fire (350
                  | gold, have 157).
  2486 | D:4      | 2486 ||| BUYING scroll of teleportation (42 gold).
  2486 | D:4      | Bought a scroll of teleportation for 42 gold pieces
  2540 | D:4      | Found a hazy altar of Hepliaklqana.
  2750 | D:4      | 2750 ||| BUYING scroll of brand weapon (133 gold).
  2750 | D:4      | Bought a scroll of brand weapon for 133 gold pieces
  2750 | D:4      | 2750 ||| BUYING scroll of identify (28 gold).
  2750 | D:4      | Bought a scroll of identify for 28 gold pieces
  2750 | D:4      | 2750 ||| SHOPLISTING scroll of teleportation (42 gold, have
                  | 6).
  2750 | D:4      | 2750 ||| READING scroll of brand weapon.
  2750 | D:4      | 2750 ||| BRANDING +1 shortbow.
  2821 | D:4      | Noticed an ogre
  2827 | D:4      | Killed an ogre
  2828 | D:4      | Reached skill level 7 in Ranged Weapons
  2828 | D:4      | Reached XP level 6. HP: 52/52 MP: 5/5
  2998 | D:4      | 2998 ||| READING scroll labelled KEXIPERIDU.
  2999 | D:4      | 2999 ||| READING scroll labelled SELUETOEDI.
  3000 | D:4      | 3000 ||| READING 2 scrolls of identify.
  3000 | D:4      | 3000 ||| IDENTIFYING bubbling cyan potion
  3002 | D:4      | 3002 ||| Stepping ~*~*~tactically~*~*~ (cloud).
  3104 | D:5      | Entered Level 5 of the Dungeon
  3110 | D:5      | 3110 ||| STAIRDANCE
  3113 | D:4      | Reached skill level 3 in Armour
  3203 | D:5      | 3203 ||| STAIRDANCE
  3255 | D:5      | Found Zin's Purification Station.
  3262 | D:5      | Found a glowing silver altar of Zin.
  3265 | D:5      | 3265 ||| SHOPLISTING potion of curing (90 gold, have 66).
  3270 | D:5      | 3270 ||| READING scroll labelled MUCHYI VATS.
  3275 | D:5      | 3275 ||| STAIRDANCE
  3278 | D:4      | 3278 ||| BUYING 2 scrolls of identify (40 gold).
  3278 | D:4      | Bought 2 scrolls of identify for 40 gold pieces
  3278 | D:4      | 3278 ||| BUYING scroll of identify (20 gold).
  3278 | D:4      | Bought a scroll of identify for 20 gold pieces
  3278 | D:4      | 3278 ||| SHOPLISTING scroll of teleportation (30 gold, have
                  | 6).
  3278 | D:4      | 3278 ||| READING 4 scrolls of identify.
  3278 | D:4      | 3278 ||| IDENTIFYING sapphire potion
  3279 | D:4      | 3279 ||| READING 3 scrolls of identify.
  3279 | D:4      | 3279 ||| IDENTIFYING viscous amethyst potion
  3280 | D:4      | 3280 ||| READING 2 scrolls of identify.
  3280 | D:4      | 3280 ||| IDENTIFYING golden potion
  3281 | D:4      | 3281 ||| DROPPING potion of invisibility.
  3282 | D:4      | 3282 ||| DROPPING potion of enlightenment.
  3360 | D:5      | Reached skill level 8 in Ranged Weapons
  3360 | D:5      | Reached XP level 7. HP: 32/59 MP: 6/6
  4186 | D:5      | Found a broken altar of Ashenzari.
  4571 | D:5      | 4571 ||| READING scroll labelled HUEFEETHR CINAD.
  4629 | D:6      | HP: 14/61 [kobold brigand/+0 short sword (7)]
  4630 | D:6      | 4630 ||| READING 3 scrolls of teleportation.
  4631 | D:6      | 4631 ||| DRINKING potion of heal wounds.
  4809 | D:6      | Reached skill level 9 in Ranged Weapons
  4875 | D:6      | 4875 ||| READING scroll labelled HUCUAXZAIR.
  4883 | D:6      | 4883 ||| STAIRDANCE
  5173 | D:6      | HP: 15/61 [poisoned by a kobold brigand (curare-tipped
                  | dart)]
  5174 | D:6      | 5174 ||| READING 3 scrolls of teleportation.
  5175 | D:6      | HP: 7/61 [kobold brigand/+0 short sword (5)]
  5398 | D:6      | HP: 14/61 [kobold brigand/+0 short sword (2)]
  5399 | D:6      | 5399 ||| READING 2 scrolls of teleportation.
  5401 | D:6      | Reached skill level 3 in Dodging
  5401 | D:6      | Reached XP level 8. HP: 13/69 MP: 7/7
  5629 | D:6      | 5629 ||| Stepping ~*~*~tactically~*~*~ (cloud).
  5643 | D:6      | Reached skill level 6 in Fighting
  5923 | D:6      | 5923 ||| UPGRADING to +0 steam dragon scales.
  5933 | D:6      | 5933 ||| DROPPING +0 ring mail.
  5934 | D:6      | 5934 ||| DROPPING +0 leather armour of the Flute {Harm
                  | Str+3 Stlth+}.
  5935 | D:6      | 5935 ||| READING 2 scrolls of identify.
  5935 | D:6      | 5935 ||| IDENTIFYING black potion
  6006 | D:7      | 6006 ||| FLEEEEING.
  6007 | D:7      | 6007 ||| FLEEEEING.
  6008 | D:7      | 6008 ||| FLEEEEING.
  6017 | D:7      | 6017 ||| STAIRDANCE
  6062 | D:7      | Noticed Menkaure
  6072 | D:7      | Killed Menkaure
  6078 | D:7      | Reached skill level 10 in Ranged Weapons
  6083 | D:7      | 6083 ||| FLEEEEING.
  6084 | D:7      | 6084 ||| FLEEEEING.
  6333 | D:7      | 6333 ||| FLEEEEING.
  6334 | D:7      | 6334 ||| FLEEEEING.
  6335 | D:7      | 6335 ||| FLEEEEING.
  6454 | D:7      | Noticed Joseph
  6460 | D:7      | 6460 ||| FLEEEEING.
  6468 | D:7      | 6468 ||| FLEEEEING.
  6469 | D:7      | 6469 ||| FLEEEEING.
  6470 | D:7      | 6470 ||| FLEEEEING.
  6471 | D:7      | 6471 ||| FLEEEEING.
  6472 | D:7      | 6472 ||| FLEEEEING.
  6473 | D:7      | 6473 ||| FLEEEEING.
  6495 | D:7      | Killed Joseph
  6682 | D:7      | Reached skill level 11 in Ranged Weapons
  6830 | D:7      | Noticed Maggie
  6848 | D:7      | Killed Maggie
  6849 | D:7      | Reached XP level 9. HP: 79/79 MP: 8/8
  6862 | D:7      | Found a runed translucent door.
  6863 | D:7      | Noticed Crazy Yiuf
  6891 | D:7      | Found a sacrificial altar of Ru.
  7016 | D:7      | Found a staircase to the Ecumenical Temple.
  7017 | D:7      | 7017 ||| PLANNING TEMPLE
  7017 | D:7      | 7017 ||| READING scroll labelled EDAGIO VOMP.
  7025 | Temple   | Entered the Ecumenical Temple
  7110 | Temple   | 7110 ||| PLANNING OKAWARU WORSHIP
  7268 | Temple   | Became a worshipper of Warmaster Okawaru
  7268 | Temple   | 7268 ||| PLANNING D:1-11
  7366 | D:7      | 7366 ||| DRINKING potion of curing.
  7366 | D:7      | 7366 ||| (to cure confusion)
  7384 | D:7      | HP: 19/79 [something (10)]
  7390 | D:7      | Slain by a vampire

Levels and vault maps discovered:
D:1:      lightli_arrival_flooded_house, layout_loops_cross
D:2:      layout_loops_ring, basic_altar
D:3:      layout_loops_corners, kennysheep_crisscross,
          kennysheep_generic_room_16, uniq_terence, uniq_ijyb
D:4:      layout_cave_pools, mainiacjoe_overflow_catwalk,
          nicolae_shop_distant_corner_stores,
          nicolae_concentric_dashed_squares_wild
D:5:      layout_layer_cave, zin_purify, nicolae_overflow_hidden_temple,
          amcnicky_mini_rare_corridor_liquid, kennysheep_nub
D:6:      layout_cave_pods
D:7:      statuecave_lemuel, layout_basic, kennysheep_mini_moat,
          minmay_temple_entry_glassed_door, serial_curves, eino_curves_03,
          eino_curves_03, uniq_joseph, uniq_maggie, uniq_menkaure,
          uniq_crazy_yiuf_cottage
Temple:   mainiacjoe_temple_bowtie_tessellation

Skill      XL: |  1  2  3  4  5  6  7  8 |
---------------+-------------------------+-----
Ranged Weapons | 5 6 7 8 9 11 | 11.5
Fighting       | 3 4 5 7 |  7.1
Armour         | 1 3 |  3.2
Dodging        | 3 4 |  4.2
Stealth        | |  0.7

Action                     |  1- 3 |  4- 6 |  7- 9 || total
---------------------------+-------+-------+-------++-------
   Fire: Shortbow          |    86 |   133 |   236 ||   455
    Use: Scroll            |     2 |    11 |     7 ||    20
         Potion            |     1 |     1 |     2 ||     4
 Armour: Leather armour    |     8 |     6 |       ||    14
         Ring mail         |       |    10 |    25 ||    35
         Steam dragon scal |       |       |    11 ||    11
  Dodge: Dodged            |    11 |    22 |    84 ||   117

Table legend:
 A = Non-vault XP
 B = Vault XP
 C = Vault XP percentage of total XP
 D = Non-vault monster count
 E = Vault monster count
 F = Vault count percentage of total count
                 A         B        C        D         E       F
            +---------+---------+-------+---------+---------+-------
      Total |    2122 |    1045 |  33.0 |     110 |       7 |   6.0
            +---------+---------+-------+---------+---------+-------
        D:1 |      18 |       0 |   0.0 |      11 |       0 |   0.0
        D:2 |      63 |       0 |   0.0 |      23 |       0 |   0.0
        D:3 |      59 |      76 |  56.3 |      18 |       4 |  18.2
        D:4 |     328 |       0 |   0.0 |      18 |       0 |   0.0
        D:5 |     599 |       0 |   0.0 |      13 |       0 |   0.0
        D:6 |     531 |       0 |   0.0 |      15 |       0 |   0.0
        D:7 |     524 |     969 |  64.9 |      12 |       3 |  20.0
            +---------+---------+-------+---------+---------+-------
